BR (22 & UNDER)
HARTFORD DARTH WHALERS @ SANTA CLARITA MUSIC
08/12/2029
 
TOP OF THE 1ST
Hartford Darth Whalers batting - Pitching for Santa Clarita Music : LHP Doug Johnston
Pitching: LHP Doug Johnston
Batting: LHB Ryan Billman 0-0: Called Strike
0-1: Foul Ball, location: 2F
0-2: Foul Ball, location: 2F
0-2: Strikes out looking
Batting: LHB Doyle Price 0-0: Swinging Strike
0-1: Ball
1-1: Foul Ball, location: 2F
1-2: Ball
2-2: Ball
3-2: Strikes out swinging
Batting: LHB Steve Woods 0-0: Swinging Strike
0-1: Hit by Pitch
Batting: RHB Luis Manuel Miranda 0-0: Ball
1-0: Foul Ball, location: 2F
1-1: Ball
2-1: Ball
3-1: Base on Balls
Steve Woods to second
Batting: RHB Chester Mullins 0-0: Fielders Choice at 2nd, U6 (Groundball, 6M)
Top of the 1st over - 0 runs, 0 hits, 0 errors, 2 left on base; Hartford 0 - Santa Clarita 0
BOTTOM OF THE 1ST
Santa Clarita Music batting - Pitching for Hartford Darth Whalers : LHP José Sánchez
Pitching: LHP José Sánchez
Batting: RHB Sergio Moreno 0-0: Ball
1-0: Fly out, F5 (Line Drive, 56)
Batting: RHB Júlio Durán 0-0: Called Strike
0-1: Ground out 6-3 (Groundball, 56)
Batting: RHB Jesús Morales 0-0: Ball
1-0: Foul Ball, location: 2F
1-1: Foul Ball, location: 2F
1-2: Ground out U3 (Groundball, 3)
Bottom of the 1st over - 0 runs, 0 hits, 0 errors, 0 left on base; Hartford 0 - Santa Clarita 0
TOP OF THE 2ND
Hartford Darth Whalers batting - Pitching for Santa Clarita Music : LHP Doug Johnston
Batting: LHB Bill Poe 0-0: Called Strike
0-1: Swinging Strike
0-2: Foul Ball, location: 2F
0-2: Foul Ball, location: 2F
0-2: Foul Ball, location: 2F
0-2: Ball
1-2: Ball
2-2: Ball
3-2: Strikes out looking
Batting: RHB Ernesto Quintero 0-0: Called Strike
0-1: Reached on error, E4 (Flyball, 4D)
Batting: RHB José Sánchez 0-0: Ball
1-0: Ball
2-0: Called Strike
2-1: SINGLE (Line Drive, 8RS)
Ernesto Quintero to second
Batting: RHB Justin López 0-0: Ball
1-0: Ball
2-0: Foul Ball, location: 2F
2-1: Called Strike
2-2: Fielders Choice at 2nd, 6-4 (Groundball, 6)
Ernesto Quintero to third
Batting: LHB Ryan Billman 0-0: Called Strike
0-1: Ball
1-1: Ground out 4-3 (Groundball, 4)
Top of the 2nd over - 0 runs, 1 hit, 1 error, 2 left on base; Hartford 0 - Santa Clarita 0
BOTTOM OF THE 2ND
Santa Clarita Music batting - Pitching for Hartford Darth Whalers : LHP José Sánchez
Batting: SHB Stan Gómez 0-0: Called Strike
0-1: Ball
1-1: Called Strike
1-2: Ground out 5-3 (Groundball, 5)
Batting: RHB Lyle Johnston 0-0: Ball
1-0: Called Strike
1-1: Ball
2-1: Ball
3-1: Base on Balls
Batting: RHB Juan Alvarado 0-0: Ball
Lyle Johnston steals 2nd base
1-0: Ball
2-0: Called Strike
2-1: Ball
3-1: Foul Ball, location: 2F
3-2: Strikes out looking
Batting: RHB Adam Gentry 0-0: Called Strike
0-1: Ball
1-1: Foul Ball, location: 2F
1-2: Ball
Wild Pitch!
Lyle Johnston to third
2-2: Foul Ball, location: 2F
2-2: Strikes out swinging
Bottom of the 2nd over - 0 runs, 0 hits, 0 errors, 1 left on base; Hartford 0 - Santa Clarita 0
TOP OF THE 3RD
Hartford Darth Whalers batting - Pitching for Santa Clarita Music : LHP Doug Johnston
Batting: LHB Doyle Price 0-0: Swinging Strike
0-1: Foul Ball, location: 2F
0-2: Ball
1-2: Ball
2-2: Strikes out swinging
Batting: LHB Steve Woods 0-0: Fly out, F8 (Flyball, 8LD)
Batting: RHB Luis Manuel Miranda 0-0: Foul Ball, location: 2F
0-1: SINGLE (Line Drive, 56)
Batting: RHB Chester Mullins 0-0: Ball
1-0: Called Strike
1-1: Ground out 1-3 (Groundball, P)
Top of the 3rd over - 0 runs, 1 hit, 0 errors, 1 left on base; Hartford 0 - Santa Clarita 0
BOTTOM OF THE 3RD
Santa Clarita Music batting - Pitching for Hartford Darth Whalers : LHP José Sánchez
Batting: RHB Tyler Bond 0-0: Called Strike
0-1: Fly out, F9 (Flyball, 9LM)
Batting: LHB Roberto Martínez 0-0: Ball
1-0: SINGLE (Groundball, 34D)
Batting: RHB Sergio Moreno 0-0: Called Strike
0-1: Ball
1-1: Ball
2-1: Ball
3-1: Called Strike
3-2: Fly out, F7 (Flyball, 7)
Batting: RHB Júlio Durán 0-0: Ball
1-0: Called Strike
1-1: Called Strike
1-2: Fly out, F4 (Popup, 4MD)
Bottom of the 3rd over - 0 runs, 1 hit, 0 errors, 1 left on base; Hartford 0 - Santa Clarita 0
TOP OF THE 4TH
Hartford Darth Whalers batting - Pitching for Santa Clarita Music : LHP Doug Johnston
Batting: LHB Bill Poe 0-0: Called Strike
0-1: TRIPLE (Groundball, 3L)
Batting: RHB Ernesto Quintero 0-0: Fly out, F8 (Flyball, 8RD)
Runner from 3rd tags up, SCORES, throw made
Batting: RHB José Sánchez 0-0: Called Strike
0-1: Ball
1-1: Foul Ball, location: 2F
1-2: Ball
2-2: Foul Ball, location: 2F
2-2: Ball
3-2: Foul Ball, location: 2F
3-2: Fly out, F7 (Flyball, 7S)
Batting: RHB Justin López 0-0: Ball
1-0: Ground out 5-3 (Groundball, 5)
Top of the 4th over - 1 run, 1 hit, 0 errors, 0 left on base; Hartford 1 - Santa Clarita 0
BOTTOM OF THE 4TH
Santa Clarita Music batting - Pitching for Hartford Darth Whalers : LHP José Sánchez
Batting: RHB Jesús Morales 0-0: Ball
1-0: Ground out 2-3 (Groundball, 2R)
Batting: SHB Stan Gómez 0-0: Ball
1-0: Called Strike
1-1: Swinging Strike
1-2: Ball
2-2: Foul Ball, location: 2F
2-2: Ball
3-2: Strikes out swinging, 2-3 out at first.
Batting: RHB Lyle Johnston 0-0: Hit by Pitch
Batting: RHB Juan Alvarado 0-0: Ball
1-0: Swinging Strike
1-1: Ball
2-1: Fielders Choice at 2nd, 6-4 (Groundball, 6)
Bottom of the 4th over - 0 runs, 0 hits, 0 errors, 1 left on base; Hartford 1 - Santa Clarita 0
TOP OF THE 5TH
Hartford Darth Whalers batting - Pitching for Santa Clarita Music : LHP Doug Johnston
Batting: LHB Ryan Billman 0-0: Bunt for hit - play at first, batter safe!
Batting: LHB Doyle Price 0-0: Ball
1-0: Ball
2-0: Fielders Choice at 2nd, 4-6 (Groundball, 4)
Batting: LHB Steve Woods 0-0: Called Strike
0-1: 2-RUN HOME RUN (Flyball, 9LD), Distance : 370 ft
Batting: RHB Luis Manuel Miranda 0-0: Ball
1-0: Ball
2-0: Foul Ball, location: 2F
2-1: Ball
3-1: Swinging Strike
3-2: Strikes out swinging
Batting: RHB Chester Mullins 0-0: Ground out U3 (Groundball, 23)
Top of the 5th over - 2 runs, 2 hits, 0 errors, 0 left on base; Hartford 3 - Santa Clarita 0
BOTTOM OF THE 5TH
Santa Clarita Music batting - Pitching for Hartford Darth Whalers : LHP José Sánchez
Batting: RHB Adam Gentry 0-0: Called Strike
0-1: Ball
1-1: Ground out 6-3 (Groundball, 6)
Batting: RHB Tyler Bond 0-0: Ball
1-0: Ball
2-0: Foul Ball, location: 2F
2-1: Ball
3-1: Base on Balls
Batting: LHB Roberto Martínez 0-0: Swinging Strike
0-1: Foul Ball, location: 2F
0-2: Ball
1-2: Foul Ball, location: 2F
1-2: Strikes out looking
Batting: RHB Sergio Moreno 0-0: Foul Ball, location: 2F
0-1: Called Strike
0-2: Foul Ball, location: 2F
0-2: SINGLE (Groundball, 4MD)
Tyler Bond to second
Runner from 2nd tries for 3rd, SAFE, no throw
Batting: RHB Júlio Durán 0-0: Ground out U3 (Groundball, 34)
Bottom of the 5th over - 0 runs, 1 hit, 0 errors, 2 left on base; Hartford 3 - Santa Clarita 0
TOP OF THE 6TH
Hartford Darth Whalers batting - Pitching for Santa Clarita Music : LHP Doug Johnston
Batting: LHB Bill Poe 0-0: SINGLE (Flyball, 9S)
Batting: RHB Ernesto Quintero 0-0: Grounds into double play, 6-4-3 (Groundball, 6)
Batting: RHB José Sánchez 0-0: DOUBLE (Line Drive, 8RD)
Batting: RHB Justin López 0-0: Ball
1-0: Reached on error, E4 (Groundball, 4S)
José Sánchez to third
Batting: LHB Ryan Billman 0-0: Called Strike
0-1: Ball
1-1: Ball
2-1: Ground out 4-3 (Groundball, 4)
Top of the 6th over - 0 runs, 2 hits, 1 error, 2 left on base; Hartford 3 - Santa Clarita 0
BOTTOM OF THE 6TH
Santa Clarita Music batting - Pitching for Hartford Darth Whalers : LHP José Sánchez
Batting: RHB Jesús Morales 0-0: Called Strike
0-1: Ball
1-1: Swinging Strike
1-2: Strikes out swinging
Batting: SHB Stan Gómez 0-0: Swinging Strike
0-1: Ball
1-1: Swinging Strike
1-2: Foul Ball, location: 2F
1-2: SINGLE (Flyball, 78S)
Batting: RHB Lyle Johnston 0-0: Called Strike
0-1: Ball
1-1: Fielders Choice at 2nd, 1-6 (Groundball, 13)
Batting: RHB Juan Alvarado 0-0: Ball
1-0: Foul Ball, location: 2F
1-1: Ball
2-1: Swinging Strike
2-2: Foul Ball, location: 2F
2-2: Strikes out looking
Bottom of the 6th over - 0 runs, 1 hit, 0 errors, 1 left on base; Hartford 3 - Santa Clarita 0
TOP OF THE 7TH
Hartford Darth Whalers batting - Pitching for Santa Clarita Music : LHP Doug Johnston
Pitching: RHP León Pérez
Batting: LHB Doyle Price 0-0: Called Strike
0-1: Foul Ball, location: 2F
0-2: Ball
1-2: Strikes out swinging
Batting: LHB Steve Woods 0-0: Called Strike
0-1: Fly out, F8 (Flyball, 89M)
Batting: RHB Luis Manuel Miranda 0-0: Swinging Strike
0-1: Ball
1-1: Swinging Strike
1-2: Ball
2-2: Foul Ball, location: 2F
2-2: Strikes out looking
Top of the 7th over - 0 runs, 0 hits, 0 errors, 0 left on base; Hartford 3 - Santa Clarita 0
BOTTOM OF THE 7TH
Santa Clarita Music batting - Pitching for Hartford Darth Whalers : LHP José Sánchez
Batting: RHB Adam Gentry 0-0: Called Strike
0-1: Ball
1-1: Swinging Strike
1-2: Foul Ball, location: 2F
1-2: Strikes out looking
Batting: RHB Tyler Bond 0-0: Ball
1-0: Fly out, F7 (Flyball, 7)
Batting: LHB Roberto Martínez 0-0: Ball
1-0: Foul Ball, location: 2F
1-1: Called Strike
1-2: Ground out 1-3 (Groundball, 13)
Bottom of the 7th over - 0 runs, 0 hits, 0 errors, 0 left on base; Hartford 3 - Santa Clarita 0
TOP OF THE 8TH
Hartford Darth Whalers batting - Pitching for Santa Clarita Music : RHP León Pérez
Batting: RHB Chester Mullins 0-0: Called Strike
0-1: Ball
1-1: Foul Ball, location: 2F
1-2: Ball
2-2: Foul Ball, location: 2F
2-2: Ball
3-2: Base on Balls
Batting: LHB Bill Poe 0-0: Ball
1-0: Foul Ball, location: 2F
1-1: Foul Ball, location: 2F
1-2: Ball
2-2: Strikes out looking
Batting: RHB Ernesto Quintero 0-0: Called Strike
0-1: Swinging Strike
0-2: Ball
1-2: Strikes out swinging
Batting: RHB José Sánchez 0-0: Called Strike
0-1: Ball
1-1: Swinging Strike
1-2: Fielders Choice at 2nd, U6 (Groundball, 6M)
Top of the 8th over - 0 runs, 0 hits, 0 errors, 1 left on base; Hartford 3 - Santa Clarita 0
BOTTOM OF THE 8TH
Santa Clarita Music batting - Pitching for Hartford Darth Whalers : LHP José Sánchez
Batting: RHB Sergio Moreno 0-0: Ball
1-0: Foul Ball, location: 2F
1-1: Ground out 6-3 (Groundball, 6)
Batting: RHB Júlio Durán 0-0: Called Strike
0-1: Hit by Pitch
Batting: RHB Jesús Morales 0-0: Foul Ball, location: 2F
0-1: Ball
1-1: Ball
2-1: Foul Ball, location: 2F
2-2: Ball
3-2: Fielders Choice at 2nd, 6-4 (Groundball, 6)
Batting: SHB Stan Gómez 0-0: Ball
1-0: Called Strike
1-1: Ball
2-1: Swinging Strike
2-2: Strikes out swinging
Bottom of the 8th over - 0 runs, 0 hits, 0 errors, 1 left on base; Hartford 3 - Santa Clarita 0
TOP OF THE 9TH
Hartford Darth Whalers batting - Pitching for Santa Clarita Music : RHP León Pérez
Batting: RHB Justin López 0-0: Called Strike
0-1: Ball
1-1: Ground out 6-3 (Groundball, 6)
Batting: LHB Ryan Billman 0-0: Ground out 4-3 (Groundball, 4)
Batting: LHB Doyle Price 0-0: Foul Ball, location: 2F
0-1: Ground out U3 (Groundball, 3)
Top of the 9th over - 0 runs, 0 hits, 0 errors, 0 left on base; Hartford 3 - Santa Clarita 0
BOTTOM OF THE 9TH
Santa Clarita Music batting - Pitching for Hartford Darth Whalers : LHP José Sánchez
Batting: RHB Lyle Johnston 0-0: Ball
1-0: Ball
2-0: Fly out, F6 (Popup, P)
Batting: RHB Juan Alvarado 0-0: Ball
1-0: Called Strike
1-1: Ball
2-1: Foul Ball, location: 2F
2-2: Foul Ball, location: 2F
2-2: Strikes out swinging
Batting: RHB Adam Gentry 0-0: Ball
1-0: Ground out 4-3 (Groundball, 34)
Bottom of the 9th over - 0 runs, 0 hits, 0 errors, 0 left on base; Hartford 3 - Santa Clarita 0
Saturday, December 16th, 2017 - OOTP Baseball 18.8 Build 76